 Dungeon Crawl Stone Soup version 0.31.0-11-ge490571c62 (webtiles) character file.

Game seed: 2954307577005035665

222 Maffolandro the Cudgeller (level 5, 0/42 HPs)
             Began as a Human Wanderer on Jan 28, 2024.
             Was an Initiate of Okawaru.
             Succumbed to a scorpion's poison
             ... on level 4 of the Dungeon.
             The game lasted 00:14:45 (2908 turns).

Maffolandro the Cudgeller (Human Wanderer)          Turns: 2908, Time: 00:14:46

Health: 0/42       AC:  7    Str: 15    XL:     5   Next: 99%
Magic:  5/5        EV: 11    Int: 10    God:    Okawaru [......]
Gold:   131        SH:  0    Dex: 14    Spells: 4/4 levels left

rFire   . . .        a - +1 flail
rCold   . . .        (no shield)
rNeg    . . .        q - +0 ring mail
rPois   .            (no helmet)
rElec   .            j - +0 cloak
rCorr   .            l - +0 pair of gloves
SInv    .            (no boots)
Will    .....        (no amulet)
Stlth   +            (no ring)
HPRegen 0.27/turn    (no ring)
MPRegen 0.09/turn

%: no passive effects
@: lethally poisoned (0 -> -17)
A: explore regen
a: Renounce Religion


You were on level 4 of the Dungeon.
You worshipped Okawaru.
Okawaru was noncommittal.
You visited 1 branch of the dungeon, and saw 4 of its levels.

You collected 131 gold pieces.

Inventory:

Hand Weapons
 a - a +1 flail (weapon)
 b - a +0 hand axe
 r - a +2 spear of venom
Missiles
 i - 2 boomerangs (quivered)
Armour
 d - a +0 leather armour
 j - a +0 cloak (worn)
 l - a +0 pair of gloves (worn)
 q - a +0 ring mail (worn)
Magical Staves
 p - a staff of air
Jewellery
 f - a ring of fire
Wands
 k - a wand of polymorph (11)
Scrolls
 e - a scroll of amnesia {unknown}
 g - 3 scrolls of identify {unknown}
 m - 2 scrolls of enchant weapon {unknown}
 n - a scroll of poison {unknown}
 o - 2 scrolls of enchant armour {unknown}
 s - a scroll of blinking {unknown}
 t - a scroll of fog {unknown}
Potions
 c - a potion of heal wounds
 h - a potion of might {unknown}
 u - a potion of curing {unknown}


   Skills:
 + Level 4.1 Fighting
 - Level 1.0(3.5) Axes
 * Level 5.4(5.5) Maces & Flails
 - Level 1.0 Armour
 + Level 2.9 Dodging
 - Level 1.0 Stealth


You had 4 spell levels left.
You didn't know any spells.
Your spell library contained the following spells:

 Spells                   Type           Power      Damage    Failure   Level
 Foxfire                  Conj/Fire      0%         2x1d4     58%         1
 Plasma Beam              Fire/Air       0%         2x1d10    100%        6
 Starburst                Conj/Fire      0%         6d3       100%        6


Dungeon Overview and Level Annotations

Branches:
Dungeon (4/15)
 Temple: D:4-7

Altars:
Fedhas
Okawaru

Annotations:
D:3 3 runed translucent doors, nms23's ghost, amateur DsSh


Innate Abilities, Weirdness & Mutations

You regain HP and MP as you explore.


Message History

You throw a boomerang.
The boomerang barely misses the scorpion.
Throw: 2 boomerangs
Press: ? - help, Q - select action, (/) - cycle Shift-Dir - straight line, f/p - scorpion
Aim: a scorpion (57% to hit)
You throw a boomerang.
The boomerang closely misses the scorpion.
You barely miss the scorpion. The scorpion stings you.
You hit the scorpion but do no damage. The scorpion stings you.
You are poisoned.
The scorpion poisons you!
You closely miss the scorpion.
You feel sick. The scorpion misses you. The scorpion closely misses you.
You barely miss the scorpion.
You feel sick. The scorpion closely misses you.
You hit the scorpion.
The scorpion is lightly wounded.
You feel sick. The scorpion stings you.
You are more poisoned.
The scorpion poisons you!
You barely miss the scorpion.
The scorpion is lightly wounded.
You feel very sick. The scorpion stings you.
You are more poisoned.
The scorpion poisons you! The scorpion closely misses you.
You thump the scorpion!
The scorpion is severely wounded.
You feel very sick. The scorpion stings you.
You are lethally poisoned!
The scorpion poisons you!
You barely miss the scorpion.
The scorpion is heavily wounded.
* * * LOW HITPOINT WARNING * * *
You feel very sick. The scorpion stings you.
* * * LOW HITPOINT WARNING * * *
You hit the scorpion.
The scorpion is almost dead.
You die...

#.#####... #.#
...... #.#
...... #.#
..... #.#
#.... #.#
##...# #.#
#...# #s#
##..#
#@####.<.#
##.##...##
#.....## #
#..#..# ##..
#.##..####....
#.###.........
#..###........
#....#........
##......##....


You could see a scorpion.

Vanquished Creatures
  An orc priest (D:3)
  Natasha (thrice) (D:1 D:2)
  5 adders
  3 dart slugs (D:1)
  3 orcs
  7 endoplasms
  2 giant cockroaches
  9 goblins
  7 hobgoblins
  2 jackals (D:1)
  4 quokkas
  7 ball pythons
  3 bats
  4 frilled lizards
  2 kobolds
  5 rats
67 creatures vanquished.

Notes
Turn   | Place    | Note
-------+----------+-------------------------------------------
     0 | D:1      | Maffolandro the Human Wanderer began the quest for the Orb.
     0 | D:1      | Maffolandro set off with the following items: a +1 flail, a
                  | +0 hand axe, a potion of heal wounds, a +0 leather armour.
     0 | D:1      | Reached XP level 1. HP: 19/19 MP: 1/1
    35 | D:1      | Reached XP level 2. HP: 11/25 MP: 2/2
   255 | D:1      | Reached skill level 1 in Dodging
   463 | D:1      | Reached XP level 3. HP: 20/30 MP: 3/3
   824 | D:2      | Noticed Natasha
   868 | D:1      | Killed Natasha
   869 | D:1      | Reached skill level 4 in Maces & Flails
   869 | D:1      | Reached XP level 4. HP: 24/37 MP: 4/4
   972 | D:1      | Noticed Natasha
  1003 | D:1      | Killed Natasha
  1007 | D:1      | Noticed Natasha
  1325 | D:2      | Killed Natasha
  1529 | D:2      | Reached XP level 5. HP: 42/42 MP: 5/5
  1586 | D:2      | Reached skill level 5 in Maces & Flails
  1706 | D:2      | Found an iron altar of Okawaru.
  1734 | D:2      | Became a worshipper of Warmaster Okawaru
  2037 | D:3      | Found a runed translucent gate.
  2037 | D:3      | Found a runed translucent gate.
  2037 | D:3      | Found a runed translucent gate.
  2040 | D:3      | Noticed a kobold brigand
  2041 | D:3      | Noticed nms23's ghost (amateur DsSh)
  2786 | D:3      | Found a blossoming altar of Fedhas.
  2908 | D:4      | Succumbed to a scorpion's poison

Illustrated notes

Levels and vault maps discovered:
D:1:      lightli_iron_boxes, layout_rooms, serial_glass, glass_columns_b,
          glass_columns_b, minmay_strange_pillars, roderic_lattice_a,
          minmay_indecisive_spiral
D:2:      layout_basic, basic_altar, minmay_pentomino_q2, uniq_natasha
D:3:      layout_loops_ring, fedhas_altar_4, gammafunk_ghost_nasty_kobolds
D:4:      layout_layer_cave, good_gods_mini_temple, xom_teletrap_fun,
          lemuel_crystal_altar, kennysheep_nub, kennysheep_dice, uniq_duvessa

Skill      XL: |  1  2  3  4  5 |
---------------+----------------+-----
Dodging        | 1 2 |  2.9
Maces & Flails | 4 5 |  5.4
Fighting       | |  4.1
Axes           | |  1.0
Armour         | |  1.0
Stealth        | |  1.0

Action                     |  1- 3 |  4- 6 || total
---------------------------+-------+-------++-------
  Melee: Flail             |    82 |   131 ||   213
         Punch             |     2 |     1 ||     3
         Unarmed           |       |    13 ||    13
  Throw: Boomerang         |       |     2 ||     2
   Stab: Sleeping          |     3 |     1 ||     4
         Distracted        |       |     1 ||     1
 Armour: Leather armour    |    45 |    27 ||    72
         Skin              |       |    42 ||    42
         Ring mail         |       |    34 ||    34
  Dodge: Dodged            |    66 |    73 ||   139
